 Dungeon Crawl Stone Soup version 0.32-a0-893-gf85d74f360 (webtiles) character file.

Game seed: 9245385437243277750

205 Shayle the Apothecary (level 5, -6/32 (35) HPs)
             Began as a Coglin Alchemist on Apr 3, 2024.
             Mangled by Edmund
             ... wielding a +0 flail of draining
              (9 damage)
             ... on level 5 of the Dungeon.
             The game lasted 00:22:21 (3912 turns).

Shayle the Apothecary (Coglin Alchemist)            Turns: 3912, Time: 00:22:21

HP:   -6/32 (35)    AC:  2    Str:  8    XL:     5   Next: 83%
MP:   4/9           EV: 11    Int: 16    God:
Gold: 67            SH:  0    Dex: 15    Spells: 6/10 levels left

rFire   . . .        n - +1 dagger (venom) {Eunwoo}
rCold   . . .        j - +0 falchion {Chun}
rNeg    . . .        a - +0 robe
rPois   .            (no helmet)
rElec   .            (no cloak)
rCorr   .            (no gloves)
SInv    .            (no boots)
Will    .....        (amulet unavailable)
Stlth   ++           (ring unavailable)
HPRegen 0.25/turn    (ring unavailable)
MPRegen 0.11/turn    (no gizmo)

%: no passive effects
@: drained, revved
A: off-hand wielding, slow wielding, warmup strikes, no jewellery
a: Invent Gizmo


You were on level 5 of the Dungeon.
You visited 1 branch of the dungeon, and saw 5 of its levels.

You collected 217 gold pieces.
You spent 150 gold pieces at shops.

Inventory:

Hand Weapons
 g - a +0 short sword {Edeltraud}
 j - a +0 falchion (offhand) {Chun}
 n - a +1 dagger of venom (weapon) {Eunwoo}
 p - a +3 dagger
Armour
 a - a +0 robe (worn)
Wands
 o - a wand of mindburst (16)
Scrolls
 c - a scroll of teleportation
 d - a scroll of noise {unknown}
 f - a scroll of silence
 i - a scroll of butterflies {unknown}
 l - a scroll of revelation {unknown}
 t - a scroll of enchant armour {unknown}
 u - 2 scrolls of vulnerability
Potions
 b - a potion of magic
 e - 3 potions of attraction
 h - a potion of degeneration
 k - a potion of mutation {unknown}
 m - 2 potions of lignification
 q - a potion of experience {unknown}
 r - a potion of curing {unknown}


   Skills:
 - Level 1.7 Dodging
 - Level 1.5 Stealth
 + Level 3.2 Spellcasting
 + Level 2.8 Conjurations
 + Level 4.7 Alchemy


You had 6 spell levels left.
You knew the following spells:

 Your Spells              Type           Power      Damage    Failure   Level
a - Sting                 Conj/Alch      56%        1d6       3%          1
b - Mephitic Cloud        Conj/Alch/Air  10%        N/A       19%         3

Your spell library contained the following spells:

 Spells                   Type           Power      Damage    Failure   Level
 Mercury Vapours          Alch/Air       20%        N/A       11%         2
 Apportation              Tloc           4%         N/A       19%         1
 Olgreb's Toxic Radiance  Alch           17%        N/A       26%         4
 Call Imp                 Summ           4%         N/A       28%         2
 Jinxbite                 Hex            4%         N/A       28%         2
 Sublimation of Blood     Necr           2%         N/A       28%         2
 Stone Arrow              Conj/Erth      14%        3d7       30%         3
 Inner Flame              Hex/Fire       2%         N/A       50%         3
 Sticky Flame             Fire/Alch      10%        2d5       56%         4
 Alistair's Intoxication  Alch           11%        N/A       58%         5
 Irradiate                Conj/Alch      7%         3d14      71%         5
 Animate Armour           Summ/Erth      4%         N/A       88%         4
 Summon Hydra             Summ           1%         N/A       100%        7
 Ignition                 Fire           1%         3d3       100%        8
 Lehudib's Crystal Spear  Conj/Erth      3%         10d3      100%        8


Dungeon Overview and Level Annotations

Branches:
Dungeon (5/15)             Temple (0/1) D:5

Altars:
Ashenzari
Cheibriados
Dithmenos
Okawaru
Ru
Uskayaw
Yredelemnul

Shops:
D:4 ([*((

Annotations:
D:4 1 runed translucent door, Crazy Yiuf
D:5 Edmund, Grinder, Ijyb


Innate Abilities, Weirdness & Mutations

You can wield a second weapon in your off-hand.
It takes a long time for you to wield or remove held weapons.
Your first few attacks do less damage.
You cannot equip rings or amulets.


Message History

The ball explodes into a vile cloud!
The stinking cloud engulfs Edmund.
Edmund is engulfed in noxious fumes.
Edmund is engulfed in noxious fumes.
Edmund appears confused.
You hit Edmund but do no damage.
Edmund is poisoned.
You hit Edmund but do no damage.
You hit Edmund with your +1 dagger of venom.
Edmund looks as sick as possible!
Edmund is lightly wounded.
You hit Edmund but do no damage. Edmund closely misses you.
You hit Edmund but do no damage.
Edmund looks as sick as possible!
Edmund is lightly wounded.
You hit Edmund but do no damage.
Edmund hits you with a +0 flail of draining!
You feel drained.
You hit Edmund with your +0 falchion.
Edmund is lightly wounded.
You hit Edmund but do no damage.
Edmund looks as sick as possible!
You hit Edmund but do no damage.
Edmund looks as sick as possible!
Edmund is moderately wounded.
You slash Edmund with your +0 falchion!
Edmund ponders the situation.
You hit Edmund with your +1 dagger of venom.
Edmund is heavily wounded.
You barely miss Edmund with your +0 falchion.
Edmund seems less confused.
Edmund closely misses you.
You hit Edmund with your +1 dagger of venom.
Edmund is severely wounded.
You hit Edmund but do no damage. Edmund completely misses you.
You hit Edmund with your +1 dagger of venom.
Edmund is severely wounded.
You barely miss Edmund with your +0 falchion.
Edmund hits you with a +0 flail of draining!
* * * LOW HITPOINT WARNING * * *
You feel drained.
* * * LOW HITPOINT WARNING * * *
Edmund attacks as he pursues you!
Edmund hits you with a +0 flail of draining!
You die...
Edmund says, "That'll show my brother!"

###.............# ..
#.......#....#. #..#
#.......#....# #....
#...........#.##.....
#....####..#.#.......
#....# #..##........
##...#####.#..........
..............°°......
##...####....@@.......
## ##############


You could see Edmund (extremely poisoned).

Vanquished Creatures
  A bombardier beetle (D:3)
  An iguana (D:3)
  5 adders
  2 ribbon worms (D:3)
  2 dart slugs (D:2)
  An orc (D:4)
  12 ball pythons
  2 bats
  4 endoplasms
  3 giant cockroaches
  15 hobgoblins
  3 jackals (D:1)
  3 quokkas
  5 frilled lizards
  18 goblins
  2 kobolds (D:1)
  6 rats
85 creatures vanquished.

Notes
Turn   | Place    | Note
-------+----------+-------------------------------------------
     0 | D:1      | Shayle the Coglin Alchemist began the quest for the Orb.
     0 | D:1      | Reached XP level 1. HP: 13/13 MP: 3/3
    58 | D:1      | Reached skill level 1 in Conjurations
   167 | D:1      | Reached XP level 2. HP: 19/19 MP: 1/5
  1148 | D:2      | Reached XP level 3. HP: 18/24 MP: 6/6
  1393 | D:2      | Reached skill level 4 in Alchemy
  1529 | D:2      | Reached XP level 4. HP: 25/30 MP: 7/7
  2059 | D:3      | Found a broken altar of Ashenzari.
  2118 | D:3      | Reached XP level 5. HP: 17/35 MP: 4/9
  2347 | D:3      | Found an iron altar of Okawaru.
  2369 | D:3      | Found a sacrificial altar of Ru.
  2389 | D:3      | Learned a level 3 spell: Mephitic Cloud
  3053 | D:4      | Found a runed translucent door.
  3054 | D:4      | Noticed Crazy Yiuf
  3084 | D:4      | Found Kantubuw's Armour Boutique.
  3107 | D:4      | Found a shadowy altar of Dithmenos.
  3212 | D:4      | Found a basalt altar of Yredelemnul.
  3265 | D:4      | Found Bisa's Weapon Shop.
  3460 | D:4      | Found Senlotum's Assorted Antiques.
  3465 | D:4      | Bought a scroll labelled OTHESU YSIAFAC for 25 gold pieces
  3465 | D:4      | Bought a scroll labelled OTHESU YSIAFAC for 25 gold pieces
  3465 | D:4      | Bought a scroll of identify for 50 gold pieces
  3465 | D:4      | Bought a scroll of identify for 50 gold pieces
  3482 | D:4      | Found Foirez's Weapon Shoppe.
  3630 | D:4      | Found a snail-covered altar of Cheibriados.
  3632 | D:4      | Found a hide-covered altar of Uskayaw.
  3701 | D:4      | Found Zoesho's Weapon Shoppe.
  3840 | D:5      | Entered Level 5 of the Dungeon
  3845 | D:5      | Noticed Ijyb
  3846 | D:5      | Identified the +7 war axe "Xofekhlen" {elec, rPois Str+4
                  | Dex-3 Stlth+}
  3851 | D:5      | Found a staircase to the Ecumenical Temple.
  3854 | D:5      | Noticed Grinder
  3897 | D:5      | Noticed Edmund
  3912 | D:5      | Mangled by Edmund

Illustrated notes

Levels and vault maps discovered:
D:1:      tarquinn_simple_flora_water_b, layout_basic, grunt_decor_cap
D:2:      cheibrodos_greedy_goblins, layout_basic
D:3:      layout_loops_ring, mainiacjoe_overflow_surrounded_room,
          mainiacjoe_overflow_concentric_impassable, ashenzari_altar_1,
          grunt_decor_arrowhead, hangedman_decor_clover_reticule,
          serial_park_tiny_1, serial_bayou_pond_c
D:4:      layout_basic, nicolae_overflow_hidden_temple, serial_shops,
          nicolae_shop_advertising_works [nicolae_subvault_shop_adworks], shop,
          nicolae_shop_bloodbath_and_beyond, kennysheep_little_box,
          nicolae_shop_just_a_little_nook, minivault_19, uniq_crazy_yiuf_cottage
D:5:      layout_cave_pools, palyth_temple_overflow_mages,
          minmay_temple_entry_antechambers, serial_shops, shop,
          lightli_sewer_entry_pipes, minmay_misc_feat_secret_circle,
          nicolae_shop_clearance, uniq_ijyb, uniq_grinder, uniq_edmund

Skill      XL: |  1  2  3  4  5 |
---------------+----------------+-----
Conjurations   | 1 2 |  2.8
Spellcasting   | 2 3 |  3.2
Alchemy        | 4 |  4.7
Dodging        | |  1.7
Stealth        | |  1.5

Action                     |  1- 3 |  4- 6 || total
---------------------------+-------+-------++-------
  Melee: Unarmed           |    11 |       ||    11
         Short sword       |    33 |    33 ||    66
         Falchion          |    29 |    83 ||   112
         Dagger            |       |    46 ||    46
   Cast: Sting             |    35 |    36 ||    71
         Mephitic Cloud    |       |     3 ||     3
    Use: Scroll            |     3 |     4 ||     7
   Stab: Sleeping          |     2 |     4 ||     6
         Distracted        |       |     1 ||     1
 Armour: Robe              |    65 |    48 ||   113
  Dodge: Dodged            |    67 |    45 ||   112

Table legend: (Time is in decaauts)
 A = Elapsed time spent in this place.
 B = Non-inter-level travel time spent in this place.
 C = Inter-level travel time spent in this place.
 D = Time resting spent in this place.
 E = Time spent auto-exploring this place.
 F = Levels seen in this place.
 G = Mean time per level.
                   A        B        C        D        E       F      G
               +--------+--------+--------+--------+--------+-----+--------+
         Total |   3936 |   3624 |    312 |    388 |   2279 |   5 |  787.2 |
       Dungeon |   3936 |   3624 |    312 |    388 |   2279 |   5 |  787.2 |
               +--------+--------+--------+--------+--------+-----+--------+

Top non-repeatable levels by time:
     D:1: 1213 daAuts
     D:2: 897 daAuts
     D:3: 880 daAuts
     D:4: 871 daAuts
     D:5: 73 daAuts
